 Dungeon Sprint DCSS version 0.16-a0-3706-g5dff784 (webtiles) character file.

322 BluebellGnoll the Basher (level 6, -3/48 HPs)
             Began as a Formicid Gladiator on Jan 19, 2015.
             Was an Elder of Makhleb.
             Slain by a yaktaur (13 damage)
             ... in the Dungeon (Sprint V: "Ziggurat Sprint").
             The game lasted 00:04:02 (227 turns).

BluebellGnoll the Basher (Formicid Gladiator)        Turns: 227, Time: 00:04:03

Health: -3/48      AC: 28    Str: 26    XL:     6   Next: 76%
Magic:  8/8        EV:  1    Int:  8    God:    Makhleb [****..]
Gold:   0          SH: 28    Dex: 18    Spells: 1 memorised, 3 levels left

rFire  . . .     SeeInvis +     m - +6 dark maul {crush}
rCold  . . .     Clarity  .     n - +15 Maxwell's patent armour {-Cast -Tele rElec MR+ rCorr} (curse)
rNeg   + . .     SustAb   .     o - +18 shield of the gong {rElec rN+ MR+ EV-5}
rPois  .         Gourm    .     (helmet unavailable)
rElec  +         Spirit   .     (no cloak)
rCorr  +         Warding  .     (no gloves)
rMut   .         Stasis   +     (no boots)
MR     ++...     NoCast   +     (no amulet)
Stlth  ..........               p - +6 ring of strength
                                l - +6 ring of dexterity

@: very resistant to hostile enchantments, extremely unstealthy
A: permanent stasis, dig shafts and tunnels, four strong arms, antennae 3
a: Dig, Minor Destruction, Lesser Servant of Makhleb, Major Destruction,
Renounce Religion


You were in the Dungeon.
You worshipped Makhleb.
Makhleb was greatly pleased with you.
You were not hungry.

You visited 1 branch

Inventory:

Hand weapons
 a - the +7 great mace "Firestarter" {flame, rF++}
   (You found it in the Dungeon)

   It emits flame when wielded, causing extra injury to most foes and up to half
   again as much damage against particularly susceptible opponents.
   It greatly protects you from fire.
 b - the +6 shillelagh "Devastator"
   (You found it in the Dungeon)
 m - the +6 dark maul (weapon) {crush}
   (You found it in the Dungeon)

   It inflicts extra damage upon your enemies.
 G - a +5 demon whip
 H - a +5 great mace
Missiles
 d - 3 throwing nets (quivered)
Armour
 n - the cursed +15 Maxwell's patent armour (worn) {-Cast -Tele rElec MR+ rCorr}
   (You found it in the Dungeon)

   It insulates you from electricity.
   It affects your resistance to hostile enchantments.
   It prevents spellcasting.
   It prevents most forms of teleportation.
   It protects you from acid and corrosion.
   It has a curse placed upon it.
 o - the +18 shield of the gong (worn) {rElec rN+ MR+ EV-5}
   (You found it in the Dungeon)

   It affects your evasion (-5).
   It insulates you from electricity.
   It protects you from negative energy.
   It affects your resistance to hostile enchantments.
 D - a +5 gold dragon armour
Jewellery
 l - a +6 ring of dexterity (left hand)
 p - a +6 ring of strength (right hand)
 I - an uncursed ring of wizardry
Magical devices
 c - a wand of disintegration (7)
 h - a wand of fire (5)
 j - a wand of cold (5)
 k - a wand of draining (5)
Scrolls
 s - 4 scrolls of amnesia
 t - 3 scrolls of recharging
 u - 7 scrolls of fog
 v - a scroll of holy word
 w - 5 scrolls of identify
 x - 5 scrolls of remove curse
 y - 2 scrolls of fear
Potions
 e - 10 potions of curing
 g - 10 potions of heal wounds
 i - 7 potions of magic
 z - 2 potions of brilliance
 A - 2 potions of invisibility
 B - 2 potions of restore abilities
 C - 4 potions of resistance
 E - 5 potions of agility
 F - 5 potions of might
Comestibles
 f - 5 bread rations
 q - 42 fruits
 r - 4 meat rations
 J - 4 chunks of flesh


   Skills:
 * Level 3.7 Fighting
 - Level 11.4 Maces & Flails
 - Level 1.5 Throwing
 - Level 8.0 Armour
 - Level 2.6 Dodging
 + Level 2.2 Shields


You had 3 spell levels left.
You knew the following spells:

 Your Spells              Type           Power        Failure   Level  Hunger
a - Repel Missiles        Chrm/Air       #.....       100%        2    ###....


Dungeon Overview and Level Annotations

Branches:
Dungeon (1/1)

Altars:
Ashenzari
Cheibriados
Dithmenos
Elyvilon
Fedhas
Gozag
Kikubaaqudgha
Makhleb
Nemelex Xobeh
Okawaru
Qazlal
Ru
Sif Muna
Trog
Vehumet
Xom
Yredelemnul
Zin
The Shining One
Beogh
Jiyva
Lugonu


Innate Abilities, Weirdness & Mutations

You are under a permanent stasis effect.
You can dig through walls and to a lower floor.
Your four strong arms can wield two-handed weapons with a shield.
You have a pair of large antennae on your head (SInv).


Message History

You bludgeon the yaktaur!!
The yaktaur is almost dead.
You block the centaur's attack.
GONNNNG!
You block the centaur's attack.
GONNNNG!
The centaur hits you but does no damage.
The yaktaur hits you.
* * * LOW HITPOINT WARNING * * *
You block the centaur's attack.
SHROANNG!
The yaktaur hits you but does no damage.
The centaur completely misses you.
The yaktaur hits you but does no damage. x2
The centaur hits you but does no damage. x2
The yaktaur hits you.
* * * LOW HITPOINT WARNING * * *
The centaur hits you but does no damage.
The yaktaur hits you!
You die...

▓.....▓.)...▓.....▓
▓....†▓.....▓.....▓
▓.....▓.....▓▓▓▓▓▓▓
▓▓▓▓▓▓▓▓▓▓▓▓▓▓▓▓▓▓▓
▓..8©8...▓..8©8...▓
▓..:=}...▓..}"=...▓
▓...}....▓..)c}...▓
▓..[))...▓..ccc...▓
▓....)...▓..c@....▓
▓........▓.▓.(..▓.▓
▓........▓...((...▓
▓▓▓▓▓▓▓▓▓▓▓▓▓▓▓▓▓▓▓


{{{{ {{{ {{{ {{{ You could see 2 yaktaurs and 3 centaurs.

Vanquished Creatures
  A hell hound (D)
  A scorpion (D)
  2 quasits (D)
  A crimson imp (D)
  An orc wizard (D)
  3 giant mites (D)
  3 orcs (D)
  A bat zombie (D)
13 creatures vanquished.

Vanquished Creatures (others)
  A spatial maelstrom (D)
1 creature vanquished.

Grand Total: 14 creatures vanquished

Notes
Turn   | Place    | Note
--------------------------------------------------------------
     0 | D        | BluebellGnoll, the Formicid Gladiator, began the quest for the Orb.
     0 | D        | Reached XP level 1. HP: 16/16 MP: 1/1
     0 | D        | Found a viscous altar of Jiyva.
     0 | D        | Found a corrupted altar of Lugonu.
     0 | D        | Found a white marble altar of Elyvilon.
     2 | D        | Found a sparkling altar of Nemelex Xobeh.
     2 | D        | Found a burning altar of Makhleb.
     2 | D        | Found a deep blue altar of Sif Muna.
     3 | D        | Found a bloodstained altar of Trog.
     6 | D        | Found an iron altar of Okawaru.
    14 | D        | Banished a spatial maelstrom
    17 | D        | Found a radiant altar of Vehumet.
    20 | D        | Became a worshipper of Makhleb the Destroyer
    43 | D        | Found a basalt altar of Yredelemnul.
    50 | D        | Reached skill level 8 in Armour
    50 | D        | Reached XP level 2. HP: 22/22 MP: 3/3
    55 | D        | Found a shimmering altar of Xom.
    63 | D        | Entered arena 1.
    63 | D        | Noticed a quasit
    63 | D        | Noticed a quasit
    67 | D        | Killed a quasit
    67 | D        | Reached skill level 5 in Maces & Flails
    67 | D        | Reached XP level 3. HP: 24/27 MP: 4/4
    67 | D        | Killed a quasit
    67 | D        | Reached XP level 4. HP: 29/33 MP: 5/5
   103 | D        | Entered arena 2.
   103 | D        | Noticed a crimson imp
   103 | D        | Noticed a hell hound
   105 | D        | Acquired Makhleb's first power
   107 | D        | Killed a hell hound
   107 | D        | Reached skill level 9 in Maces & Flails
   107 | D        | Reached XP level 5. HP: 38/38 MP: 7/7
   117 | D        | Killed a crimson imp
   117 | D        | Acquired Makhleb's second power
   117 | D        | Reached skill level 10 in Maces & Flails
   117 | D        | Reached XP level 6. HP: 35/44 MP: 8/8
   182 | D        | Entered arena 3.
   182 | D        | Noticed a scorpion
   187 | D        | Killed a scorpion
   187 | D        | Reached skill level 11 in Maces & Flails
   190 | D        | Acquired Makhleb's third power
   203 | D        | Learned a level 2 spell: Repel Missiles
   204 | D        | Entered arena 4.
   204 | D        | Noticed an orc wizard
   207 | D        | Killed an orc wizard
   207 | D        | Reached skill level 1 in Shields
   212 | D        | Acquired Makhleb's fourth power
   223 | D        | Entered arena 5.
   223 | D        | Noticed a centaur
   223 | D        | Noticed a centaur
   223 | D        | Noticed a centaur
   223 | D        | Noticed a yaktaur
   223 | D        | Noticed a yaktaur
   226 | D        | Identified the +7 triple crossbow of Honesty {penet, rC+ rN+ HP+9}
   227 | D        | Slain by a yaktaur

Action                   |  1- 3 |  4- 6 || total
-------------------------+-------+-------++-------
Melee: Shillelagh        |     3 |       ||     3
       Great mace        |       |     6 ||     6
       Maul              |       |    15 ||    15
  Use: Potion            |     1 |       ||     1
